[Event "Early-Titled-Tuesday-Blitz-January-16-2024"]
[Site "Chess.com"]
[Date "2024.01.16"]
[Round "8"]
[White "Arimin1329"]
[Black "margarita_2703"]
[Result "1-0"]
[WhiteElo "2416"]
[BlackElo "2280"]
[TimeControl "180+1"]
[EndTime "9:29:58 PST"]
[Termination "Arimin1329 won by checkmate"]

1. Nf3 d5 2. g3 Bg4 3. Bg2 Nd7 4. O-O e5 5. d3 c6 6. e4 Ngf6 7. Bg5 h6 8. Bxf6 Qxf6 9. Re1 Bd6 10. d4 O-O 11. exd5 cxd5 12. dxe5 Nxe5 13. Nbd2 Rfe8 14. Re3 d4 15. Rb3 b6 16. h3 Nxf3+ 17. Nxf3 Bxf3 18. Rxf3 Qe5 19. Rf4 Rac8 20. Rxd4 Bc5 21. Rd7 Qxg3 22.
Qf3 Qg6 23. Rad1 Re5 24. Qb7 Rce8 25. Rd8 Rxd8 26. Rxd8+ Kh7 27. Qb8 Re1+ 28. Kh2 Bxf2 29. Rh8# 1-0

[Event "Early-Titled-Tuesday-Blitz-January-16-2024"]
[Site "Chess.com"]
[Date "2024.01.16"]
[Round "8"]
[White "gabduschew"]
[Black "Iskusnyh"]
[Result "0-1"]
[WhiteElo "2451"]
[BlackElo "2645"]
[TimeControl "180+1"]
[EndTime "9:30:01 PST"]
[Termination "Iskusnyh won by resignation"]

1. b3 d5 2. Bb2 Bf5 3. e3 e6 4. f4 Nf6 5. Nf3 Be7 6. Bd3 O-O 7. Bxf5 exf5 8. O-O c5 9. c4 Nc6 10.
Qc2 Nb4 11. Qc3 d4 12. exd4 Ne4 13. Qe3 Nc2 14. Qe1 Nxa1 15. Bxa1 Bf6 16. d3 Nd6 17. dxc5 Bxa1 18. cxd6 Qxd6 19. Nbd2 Bc3 20. Qc1 Qxd3 21. Nb1 Bf6 22. Rd1 Qe2 23. Qd2 Qxd2 24. Rxd2 Rad8 25. Kf2 Rxd2+ 26. Nbxd2 Re8 27. g3 Bc3 28. Nb1 Bb4 29. a3 Bc5+ 30. Kg2 Re2+ 31. Kh3 Rb2 0-1

[Event "Early-Titled-Tuesday-Blitz-January-16-2024"]
[Site "Chess.com"]
[Date "2024.01.16"]
[Round "8"]
[White "sergeikim"]
[Black "Flaccidmoves"]
[Result "0-1"]
[WhiteElo "2591"]
[BlackElo "2444"]
[TimeControl "180+1"]
[EndTime "9:30:01 PST"]
[Termination "Flaccidmoves won by resignation"]

1. d4 Nf6 2. c4 g6 3. Nc3 d5 4. cxd5 Nxd5 5. e4 Nxc3 6. bxc3 Bg7 7. Bc4 O-O 8. Ne2 c5 9. O-O Nc6 10. Be3 Bg4 11. f3 Bd7 12. Qd2 e5 13. d5 Na5 14.
Bd3 c4 15. Bc2 b5 16. Bh6 Nb7 17. Bxg7 Kxg7 18. f4 Qe7 19. f5 f6 20. Ng3 Qc5+ 21.
Kh1 Nd6 22. h4 a5 23. fxg6 hxg6 24. h5 Rh8 25. Rf2 Bg4 26. Kh2 Bxh5 27. Nxh5+ Rxh5+ 28. Kg3 Rg5+ 29. Kh2 Rh8+ 30. Kg1 Rgh5 0-1

[Event "Early-Titled-Tuesday-Blitz-January-16-2024"]
[Site "Chess.com"]
[Date "2024.01.16"]
[Round "8"]
[White "hakanazeri2"]
[Black "carokannlover213"]
[Result "1-0"]
[WhiteElo "2563"]
[BlackElo "2760"]
[TimeControl "180+1"]
[EndTime "9:30:02 PST"]
[Termination "hakanazeri2 won by resignation"]

1. Nf3 d5 2. d4 Bf5 3. c4 c6 4. Nc3 Nf6 5. Qb3 Qb6 6. c5 Qc7 7. Bf4 Qc8 8. e3 Nh5 9. Bg3 Nd7 10. Be2 Ndf6 11. Ne5 Nxg3 12. hxg3 Ng4 13. Nxg4 Bxg4 14. Bxg4 Qxg4 15. Qxb7 Rc8 16. Qxa7 e5 17. dxe5 Qb4 18. Qa6 Kd7 19. O-O Bxc5 20. Na4 Ra8 21.
Nxc5+ Kc7 22. Rac1 1-0

[Event "Early-Titled-Tuesday-Blitz-January-16-2024"]
[Site "Chess.com"]
[Date "2024.01.16"]
[Round "8"]
[White "FranciscodelaF"]
[Black "Roedor"]
[Result "0-1"]
[WhiteElo "2250"]
[BlackElo "2396"]
[TimeControl "180+1"]
[EndTime "9:30:02 PST"]
[Termination "Roedor won by resignation"]

1. d4 Nf6 2. Nf3 g6 3. Bf4 Bg7 4. e3 O-O 5. Nbd2 d6 6. Bc4 b6 7. O-O Bb7 8. c3 Nbd7 9. Re1 Ne4 10. Nxe4 Bxe4 11. d5 Nf6 12. Bb3 a5 13. c4 Bf5 14.
Nd2 e5 15. Bg3 Nh5 16. e4 Bd7 17. a4 f5 18. Qe2 f4 19. Nf3 fxg3 20. hxg3 Bg4 21.
Rac1 Bh6 22. Rc3 Bxf3 23. gxf3 Qg5 24. Bd1 Nxg3 25. fxg3 Qxg3+ 26. Kf1 Qh3+ 27. Kg1 Rf4 28. Rc2 Qg3+ 29. Qg2 Qxe1+ 0-1

[Event "Early-Titled-Tuesday-Blitz-January-16-2024"]
[Site "Chess.com"]
[Date "2024.01.16"]
[Round "8"]
[White "SnekkerAndersen"]
[Black "eCztery"]
[Result "1-0"]
[WhiteElo "2647"]
[BlackElo "2465"]
[TimeControl "180+1"]
[EndTime "9:30:03 PST"]
[Termination "SnekkerAndersen won on time"]

1. a3 e5 2. h3 Bc5 3. d3 d5 4. e3 f5 5. Nf3 Bd6 6. b3 Nf6 7. Bb2 Nbd7 8. Ke2 O-O 9. Ke1 b6 10. Be2 c5 11. d4 cxd4 12. exd4 e4 13. Ne5 Re8 14. Bb5 a6 15. Bc6 Ra7 16. Nd2 Qc7 17.
c4 Bxe5 18. dxe5 Nxe5 19. Bxe5 Rxe5 20. cxd5 Nxd5 21. Rc1 1-0

[Event "Early-Titled-Tuesday-Blitz-January-16-2024"]
[Site "Chess.com"]
[Date "2024.01.16"]
[Round "8"]
[White "Trojan-Knight"]
[Black "forevery0ung"]
[Result "0-1"]
[WhiteElo "2693"]
[BlackElo "2848"]
[TimeControl "180+1"]
[EndTime "9:30:05 PST"]
[Termination "forevery0ung won by resignation"]

1. d4 e6 2. c4 b6 3. a3 Bb7 4.
d5 Nf6 5. Nc3 Bd6 6. g3 O-O 7.
Bg2 Re8 8. Nf3 exd5 9. Nd4 Nc6 10. Nf5 dxc4 11. Nxd6 cxd6 12. O-O Na5 13. Qxd6 Bxg2 14.
Kxg2 Qc8 15. Bg5 Re6 16. Qf4 Qc6+ 17. Kg1 Ne4 18. Nxe4 Rxe4 19. Qf3 Rae8 20. Rfe1 Nb3 21. Rad1 Nd4 22. Qg2 Nxe2+ 23. Kf1 Nxg3+ 24. Qxg3 Rxe1+ 25. Rxe1 Qh1+ 26. Qg1 Rxe1+ 27. Kxe1 Qxg1+ 0-1

[Event "Early-Titled-Tuesday-Blitz-January-16-2024"]
[Site "Chess.com"]
[Date "2024.01.16"]
[Round "8"]
[White "Durarbayli"]
[Black "GeorgiosSouleidis"]
[Result "1-0"]
[WhiteElo "2847"]
[BlackElo "2679"]
[TimeControl "180+1"]
[EndTime "9:30:05 PST"]
[Termination "Durarbayli won by resignation"]

1. e4 c5 2. Nf3 e6 3. d4 cxd4 4. Nxd4 Nf6 5. Nc3 Nc6 6. Nxc6 bxc6 7. e5 Nd5 8. Ne4 Qc7 9. f4 Qb6 10. c4 Ne3 11. Qd3 Bb4+ 12. Bd2 Ba6 13. b3 O-O 14. Rc1 Nd5 15. g3 f6 16. exf6 Nxf6 17. Nxf6+ Rxf6 18. Bxb4 Qxb4+ 19. Qd2 Qe7 20. Bg2 e5 21. O-O exf4 22.
Rxf4 Rxf4 23. Qxf4 Rf8 24. Qd4 c5 25. Qd2 d6 26.
Re1 Qf6 27. Rf1 Qe5 28. Qd5+ 1-0

[Event "Early-Titled-Tuesday-Blitz-January-16-2024"]
[Site "Chess.com"]
[Date "2024.01.16"]
[Round "8"]
[White "Rud_Makarian"]
[Black "tptagain"]
[Result "1-0"]
[WhiteElo "3045"]
[BlackElo "2957"]
[TimeControl "180+1"]
[EndTime "9:30:06 PST"]
[Termination "Rud_Makarian won by resignation"]

1. d4 d5 2. c4 e6 3. Nf3 c6 4.
Nc3 dxc4 5. g3 b5 6. Bg2 Bb7 7. Ne5 a6 8. O-O Nf6 9. b3 cxb3 10. Qxb3 Qxd4 11. Bf4 Qb6 12. Nc4 Qd8 13. Rfd1 Nd5 14.
e4 Be7 15. exd5 exd5 16. Nxd5 cxd5 17. Bxd5 Bxd5 18. Rxd5 Nd7 19. Ne5 O-O 20. Nxd7 Re8 21. Rad1 Qa5 22. Rf5 1-0

[Event "Early-Titled-Tuesday-Blitz-January-16-2024"]
[Site "Chess.com"]
[Date "2024.01.16"]
[Round "8"]
[White "WhiteKnight2612"]
[Black "SashaKuzhilniy"]
[Result "1-0"]
[WhiteElo "2868"]
[BlackElo "2664"]
[TimeControl "180+1"]
[EndTime "9:30:06 PST"]
[Termination "WhiteKnight2612 won by resignation"]

1. d4 e6 2. c4 d5 3. Nc3 Nf6 4. cxd5 exd5 5. Bg5 c6 6. e3 Be7 7. Bd3 Nbd7 8. Nge2 Nf8 9. Qc2 Ne6 10. Bh4 g6 11. f3 Ng7 12. Bf2 O-O 13. O-O Re8 14. e4 dxe4 15.
fxe4 Ng4 16. Kh1 Nxf2+ 17. Rxf2 Ne6 18. Bc4 Rf8 19. Raf1 b5 20. Bb3 b4 21. Na4 Qd6 22. e5 Qd7 23. Qc4 a5 24. Nb6 Qa7 25. Nxc8 Raxc8 26. Rxf7 1-0

[Event "Early-Titled-Tuesday-Blitz-January-16-2024"]
[Site "Chess.com"]
[Date "2024.01.16"]
[Round "8"]
[White "JSPrepz"]
[Black "sofaceindisguise"]
[Result "1-0"]
[WhiteElo "2872"]
[BlackElo "2687"]
[TimeControl "180+1"]
[EndTime "9:30:08 PST"]
[Termination "JSPrepz won by resignation"]

1. e4 e5 2. Nf3 Nc6 3. Nc3 Nf6 4. a3 a6 5. d4 d5 6. Nxe5 Nxe4 7. Nxc6 Nxc3 8. bxc3 bxc6 9. Bd3 Bd6 10. Qh5 g6 11.
Qh6 Bf8 12. Qf4 Bg7 13. O-O O-O 14. Qg3 c5 15. Bf4 cxd4 16. Bxc7 Qd7 17. cxd4 Bxd4 18. Rad1 Bg7 19. c4 dxc4 20. Be4 1-0

[Event "Early-Titled-Tuesday-Blitz-January-16-2024"]
[Site "Chess.com"]
[Date "2024.01.16"]
[Round "8"]
[White "blitzking1729"]
[Black "adotand"]
[Result "0-1"]
[WhiteElo "2691"]
[BlackElo "2878"]
[TimeControl "180+1"]
[EndTime "9:30:12 PST"]
[Termination "adotand won by resignation"]

1. c4 Nf6 2. Nc3 g6 3. g3 Bg7 4. Bg2 d6 5. d4 O-O 6. Nf3 c5 7. d5 e6 8. Kf1 exd5 9. cxd5 h6 10. h4 Re8 11. Bf4 Bf5 12. Qc1 h5 13. Ng5 a6 14. a4 Qe7 15. Qd2 Ng4 16. Re1 Ne5 17.
b3 b5 18. axb5 axb5 19. Nxb5 Na6 20. Nc3 Reb8 21. Nf3 Rxb3 22. Nxe5 Bxe5 23. Bxe5 Qxe5 24. Rc1 Nb4 25. f4 Qf6 26. Kf2 Raa3 27. Nb5 Ra2 0-1

[Event "Early-Titled-Tuesday-Blitz-January-16-2024"]
[Site "Chess.com"]
[Date "2024.01.16"]
[Round "8"]
[White "LaPiToB"]
[Black "RojonR"]
[Result "1-0"]
[WhiteElo "2320"]
[BlackElo "2560"]
[TimeControl "180+1"]
[EndTime "9:30:13 PST"]
[Termination "LaPiToB won by resignation"]

1. d4 c5 2. d5 e5 3. e4 Be7 4. Nd2 d6 5. a4 Nf6 6. Bd3 a6 7. a5 O-O 8. Nc4 Nbd7 9. Ne2 Re8 10. Ng3 Rb8 11. O-O b5 12. axb6 Nxb6 13. Qe2 Ra8 14. b3 Bf8 15. Bd2 Nxc4 16. Bxc4 Nd7 17. Bb5 Bb7 18. Ba5 Qc8 19. Ba4 Be7 20. Nf5 g6 21. Nh6+ Kg7 22. Bd2 Nf6 23. Bxe8 Qxe8 24. f4 exf4 25.
Bxf4 Nh5 26. Bd2 f6 27. g4 g5 28. Nf5+ 1-0

[Event "Early-Titled-Tuesday-Blitz-January-16-2024"]
[Site "Chess.com"]
[Date "2024.01.16"]
[Round "8"]
[White "C_K_G"]
[Black "Bushonica"]
[Result "1-0"]
[WhiteElo "2037"]
[BlackElo "1801"]
[TimeControl "180+1"]
[EndTime "9:30:14 PST"]
[Termination "C_K_G won by resignation"]

1. e4 e5 2. Nf3 Nf6 3. Nxe5 Qe7 4.
d4 d6 5. Nf3 Qxe4+ 6. Be2 Be7 7. O-O O-O 8. Bd3 Qg4 9. h3 Qd7 10. Re1 Nc6 11. a3 d5 12. Bg5 h6 13. Bf4 a6 14.
Nbd2 Bd6 15. Ne5 Bxe5 16. dxe5 Nh7 17. Qh5 Nd4 18. Bxh6 gxh6 19. Qxh6 Nf5 20. Qh5 f6 21. e6 Qg7 22. Bxf5 Ng5 23. Re3 Bxe6 24. Bxe6+ Nxe6 25. Rxe6 1-0

[Event "Early-Titled-Tuesday-Blitz-January-16-2024"]
[Site "Chess.com"]
[Date "2024.01.16"]
[Round "8"]
[White "jefferyx"]
[Black "GroovyKettle"]
[Result "0-1"]
[WhiteElo "3014"]
[BlackElo "2957"]
[TimeControl "180+1"]
[EndTime "9:30:23 PST"]
[Termination "GroovyKettle won by resignation"]

1. Nf3 d5 2. g3 c6 3. Bg2 Bg4 4. O-O Nd7 5. h3 Bh5 6. d3 e6 7. Nbd2 Bd6 8. e4 Ne7 9. Qe1 O-O 10. Nh4 Ng6 11. Nxg6 Bxg6 12. Qe2 a5 13. f4 Re8 14.
Kh1 f6 15. a4 Bf7 16. Nb3 Qe7 17. Be3 e5 18. Nd2 d4 19. Bg1 b5 20. c3 dxc3 21.
bxc3 bxa4 22. Rxa4 Nc5 23. Bxc5 Bxc5 24. d4 exd4 25.
cxd4 Bb4 26. e5 Qd7 27. Ne4 c5 28. Raa1 cxd4 29. exf6 Bd5 30. Qh5 Bxe4 0-1

[Event "Early-Titled-Tuesday-Blitz-January-16-2024"]
[Site "Chess.com"]
[Date "2024.01.16"]
[Round "8"]
[White "iwanyu"]
[Black "KononenkoD"]
[Result "1-0"]
[WhiteElo "2685"]
[BlackElo "2541"]
[TimeControl "180+1"]
[EndTime "9:30:28 PST"]
[Termination "iwanyu won by resignation"]

1. d4 d5 2. c4 c6 3. Nf3 Nf6 4. cxd5 cxd5 5. Nc3 Nc6 6. Bf4 Bf5 7. e3 e6 8. Qb3 Bb4 9. Ne5 Qa5 10. Nxc6 bxc6 11.
Be2 O-O 12. O-O Rfc8 13. Na4 c5 14. a3 Bd2 15. Nxc5 Ne4 16. Qd1 Rxc5 17. dxc5 Qxc5 18. Bd3 g5 19. Be5 Nxf2 20. Qxd2 Nxd3 21. Rxf5 exf5 22.
Qxd3 Re8 23. Bd4 Qc8 24. Rf1 Re4 25. Qb5 f4 26. Qxd5 Qe8 27. Qxg5+ Kf8 28. Bg7+ 1-0

[Event "Early-Titled-Tuesday-Blitz-January-16-2024"]
[Site "Chess.com"]
[Date "2024.01.16"]
[Round "8"]
[White "vladgoncharov"]
[Black "A-Fier"]
[Result "1-0"]
[WhiteElo "2599"]
[BlackElo "2772"]
[TimeControl "180+1"]
[EndTime "9:30:31 PST"]
[Termination "vladgoncharov won by resignation"]

1. d4 d5 2. c4 dxc4 3. Nf3 c6 4. e3 Be6 5. Ng5 Qa5+ 6. Nc3 Qxg5 7. e4 Qa5 8. d5 cxd5 9. exd5 Bd7 10. Bxc4 Nf6 11. O-O Na6 12. Re1 Rc8 13. Qe2 Nc5 14. Bg5 Qb4 15.
a3 Qb6 16. Rad1 Kd8 17. d6 e6 18. b4 Na4 19. Ne4 h6 20. Nxf6 hxg5 21. Nxd7 Nc3 22. Nxb6 Nxe2+ 23. Bxe2 axb6 24. d7 Rc3 25. Bb5 Rxa3 26.
Rc1 Ra8 27. Re4 Bd6 28. Rec4 Bxh2+ 29. Kf1 Ke7 30. Rc8 Rb8 31. g3 Bxg3 32. fxg3 1-0

[Event "Early-Titled-Tuesday-Blitz-January-16-2024"]
[Site "Chess.com"]
[Date "2024.01.16"]
[Round "8"]
[White "elpatodice"]
[Black "ChainedDowntohell"]
[Result "1-0"]
[WhiteElo "2416"]
[BlackElo "2535"]
[TimeControl "180+1"]
[EndTime "9:30:31 PST"]
[Termination "elpatodice won by resignation"]

1. e4 a6 2. g3 b5 3. Bg2 Bb7 4. d3 c5 5. f4 e6 6. Nc3 Nc6 7. Nf3 b4 8. Ne2 Nf6 9. O-O d5 10. e5 Nd7 11. g4 h5 12. h3 Be7 13.
Ng3 hxg4 14. hxg4 Qc7 15. c3 a5 16. d4 Ba6 17. Rf2 Nb6 18. f5 a4 19. cxb4 cxd4 20. a3 Nxe5 21. Nxd4 Nxg4 22. Qxg4 Rh4 23. Qxg7 O-O-O 24. fxe6 Bd6 25. Rxf7 Qc4 26. Ndf5 Bxg3 27. Qxg3 1-0

[Event "Early-Titled-Tuesday-Blitz-January-16-2024"]
[Site "Chess.com"]
[Date "2024.01.16"]
[Round "8"]
[White "tactic"]
[Black "azikom"]
[Result "0-1"]
[WhiteElo "2544"]
[BlackElo "2693"]
[TimeControl "180+1"]
[EndTime "9:30:32 PST"]
[Termination "azikom won by resignation"]

1. e4 c6 2. d4 d5 3. Nc3 dxe4 4. Nxe4 Bf5 5. Nc5 Qc8 6. Nf3 e6 7. Nb3 Nf6 8. Bd3 Bg4 9. Bf4 Nbd7 10. h3 Bh5 11. Qe2 Be7 12. g4 Bg6 13. Bxg6 hxg6 14. c3 Nxg4 15. O-O-O Ngf6 16. Bg5 a5 17. Nbd2 a4 18.
Nc4 O-O 19. h4 Re8 20. Nce5 Nxe5 21. Nxe5 c5 22. dxc5 Qxc5 23. f4 a3 24. Rde1 axb2+ 25. Kb1 Nd5 26. Rh3 Nxc3+ 27. Rxc3 Qxc3 28. Nxf7 Bxg5 29. Nxg5 Rxa2 0-1

[Event "Early-Titled-Tuesday-Blitz-January-16-2024"]
[Site "Chess.com"]
[Date "2024.01.16"]
[Round "8"]
[White "AlbusSevresPotter"]
[Black "RobertoJBM"]
[Result "0-1"]
[WhiteElo "2575"]
[BlackElo "2799"]
[TimeControl "180+1"]
[EndTime "9:30:33 PST"]
[Termination "RobertoJBM won by resignation"]

1. e4 c6 2. d4 d5 3. e5 Bf5 4.
h4 Qb6 5. h5 c5 6. g4 Bd7 7.
dxc5 Qxc5 8. Be3 Qa5+ 9. c3 Nc6 10. f4 f6 11. b4 Qc7 12. Qxd5 fxe5 13. Bc4 O-O-O 14.
b5 Nf6 15. Qf7 Na5 16. Be6 exf4 17. Bd4 Kb8 18. Nf3 Be8 19. Be5 Rd6 20. Bxd6 Qxd6 21. Ng5 Bxf7 0-1

[Event "Early-Titled-Tuesday-Blitz-January-16-2024"]
[Site "Chess.com"]
[Date "2024.01.16"]
[Round "8"]
[White "MANOJ_MISHRA123"]
[Black "m_ezat"]
[Result "0-1"]
[WhiteElo "2241"]
[BlackElo "2458"]
[TimeControl "180+1"]
[EndTime "9:30:34 PST"]
[Termination "m_ezat won by resignation"]

1. d4 Nf6 2. Bg5 c5 3. d5 Qb6 4. Nc3 Qxb2 5. Bd2 Qb6 6. e4 d6 7. f4 a6 8. e5 Nfd7 9. Nf3 g6 10.
e6 fxe6 11. dxe6 Nf6 12. Bc4 Nc6 13. Ng5 Nd4 14. Nf7 Rg8 15. Nd5 Nxd5 16. Bxd5 Bxe6 17. Bxe6 Nxe6 18. Qg4 Kxf7 19. f5 Nd4 20. fxg6+ Ke8 21. O-O Rxg6 22. Qe4 Qc6 23. Rxf8+ Kxf8 24. Qf4+ Ke8 25.
g3 Ne2+ 0-1

[Event "Early-Titled-Tuesday-Blitz-January-16-2024"]
[Site "Chess.com"]
[Date "2024.01.16"]
[Round "8"]
[White "klimkoj"]
[Black "Martial2008"]
[Result "1-0"]
[WhiteElo "2874"]
[BlackElo "2731"]
[TimeControl "180+1"]
[EndTime "9:30:35 PST"]
[Termination "klimkoj won by resignation"]

1. Nf3 d5 2. c4 c6 3. d4 Nf6 4.
e3 e6 5. Nc3 Nbd7 6. Qb3 Bd6 7.
Bd3 O-O 8. O-O dxc4 9. Bxc4 b5 10. Bd3 Bb7 11. a4 a6 12. e4 e5 13. dxe5 Nxe5 14.
Nxe5 Bxe5 15. Be2 Qc7 16. h3 Rad8 17. Be3 Rfe8 18. Rac1 Bf4 19. axb5 Bxe3 20. fxe3 Qb6 21. Na4 Qa7 22. b6 Qb8 23. Nc5 Re7 24. Bxa6 Bxa6 25.
Nxa6 Qc8 26. Nc5 h6 27. Rcd1 Rxd1 28. Rxd1 Re8 29. b7 1-0

[Event "Early-Titled-Tuesday-Blitz-January-16-2024"]
[Site "Chess.com"]
[Date "2024.01.16"]
[Round "8"]
[White "Predo63"]
[Black "NastyaHn"]
[Result "0-1"]
[WhiteElo "2488"]
[BlackElo "2332"]
[TimeControl "180+1"]
[EndTime "9:30:39 PST"]
[Termination "NastyaHn won by resignation"]

1. d4 Nf6 2. Bg5 Ne4 3. Bf4 d5 4. Nd2 Nxd2 5. Qxd2 c5 6. c3 Nc6 7. e3 Bf5 8. Nf3 h6 9. Be2 e6 10. O-O Be7 11. h3 O-O 12. Rfe1 Rc8 13. Ne5 Nxe5 14. Bxe5 Bd6 15. Bxd6 Qxd6 16. a3 e5 17. dxe5 Qxe5 18. Bf3 Rfd8 19. Red1 Be4 20. Qe2 Rd6 21. Rd2 Rcd8 22. Rad1 b6 23. Bxe4 dxe4 24. Rxd6 Rxd6 25. Rd2 Qe6 26. Qd1 Rxd2 27. Qxd2 Qc4 28. g4 g6 29. b4 a5 30. bxa5 bxa5 31. Qb2 Kg7 32. Kg2 a4 33. Kg3 Qb3 34. Qc1 c4 35. h4 Qb8+ 36. Kg2 Qd6 37. Qc2 Qxa3 38. Qxe4 Qxc3 39. g5 hxg5 40. hxg5 a3 41.
Qa8 Qb2 42. Kf3 a2 0-1

[Event "Early-Titled-Tuesday-Blitz-January-16-2024"]
[Site "Chess.com"]
[Date "2024.01.16"]
[Round "8"]
[White "stratacticos"]
[Black "ZuraTqebuchava"]
[Result "0-1"]
[WhiteElo "1973"]
[BlackElo "2151"]
[TimeControl "180+1"]
[EndTime "9:30:42 PST"]
[Termination "ZuraTqebuchava won by resignation"]

1. e4 e5 2. Nf3 Nc6 3. Bc4 Be7 4. O-O Nf6 5. Re1 O-O 6. c3 d6 7. h3 a6 8. a4 h6 9. d4 exd4 10. cxd4 Nxe4 11. Rxe4 d5 12. Bxd5 Qxd5 13. Nc3 Qh5 14. d5 Bf5 15. Re1 Rfd8 16. Bf4 Bd6 17. Qc1 Nb4 18.
Nd4 Nd3 19. Qe3 Bxf4 0-1

[Event "Early-Titled-Tuesday-Blitz-January-16-2024"]
[Site "Chess.com"]
[Date "2024.01.16"]
[Round "8"]
[White "Msb2"]
[Black "Kostya0705"]
[Result "1-0"]
[WhiteElo "3042"]
[BlackElo "2582"]
[TimeControl "180+1"]
[EndTime "9:30:45 PST"]
[Termination "Msb2 won by resignation"]

1. d4 Nf6 2. c4 e6 3. Nc3 Bb4 4. e3 O-O 5. Bd2 d5 6. Nf3 b6 7. cxd5 exd5 8. Rc1 Bb7 9. Bd3 a6 10.
O-O Bd6 11. Ne5 Nbd7 12. f4 Ne4 13. Nxe4 dxe4 14. Bc4 Qe7 15. Be1 Rad8 16. Qe2 b5 17. Bb3 Bxe5 18. fxe5 c5 19. Qg4 c4 20. Bh4 f6 21. Bc2 Rde8 22. Bxe4 Bxe4 23. Qxe4 Qe6 24. b3 fxe5 25. Rxf8+ Kxf8 26. bxc4 exd4 27. Qxe6 Rxe6 28. exd4 bxc4 29. Rxc4 Re4 30. Bf2 Kf7 31. Rc7 Ke6 32. Ra7 Nb8 33. Rxg7 Re2 34. Rxh7 Rxa2 35. h4 Nc6 36. h5 a5 37. h6 Ne7 38. Rxe7+ Kxe7 39. h7 1-0

[Event "Early-Titled-Tuesday-Blitz-January-16-2024"]
[Site "Chess.com"]
[Date "2024.01.16"]
[Round "8"]
[White "PolandHussars"]
[Black "Zohid6"]
[Result "0-1"]
[WhiteElo "2605"]
[BlackElo "2829"]
[TimeControl "180+1"]
[EndTime "9:30:46 PST"]
[Termination "Zohid6 won on time"]

1. e4 e5 2. Nc3 Nf6 3. g3 d5 4. exd5 Nxd5 5. Bg2 Nxc3 6. bxc3 Bd6 7. Ne2 O-O 8. Rb1 Nc6 9. O-O Bc5 10. d3 Bb6 11. h3 Be6 12. c4 f5 13. Ba3 Rf7 14. c5 Qe7 15. Qc1 Bxc5 16. Bxc5 Qxc5 17. Rxb7 Raf8 18. Qe3 Qd6 19. f4 Bd5 20. Rfb1 Bxg2 21. Kxg2 Re7 22.
Qf3 Rfe8 23. fxe5 Rxe5 24. Nc3 Nd4 25. Qf4 Qc6+ 0-1

[Event "Early-Titled-Tuesday-Blitz-January-16-2024"]
[Site "Chess.com"]
[Date "2024.01.16"]
[Round "8"]
[White "missponyo10"]
[Black "MdChess1734"]
[Result "0-1"]
[WhiteElo "2264"]
[BlackElo "2410"]
[TimeControl "180+1"]
[EndTime "9:30:51 PST"]
[Termination "MdChess1734 won by checkmate"]

1. e4 c6 2. d4 d5 3. Nd2 dxe4 4.
Nxe4 Nf6 5. Nxf6+ exf6 6. c3 Bd6 7. Bd3 O-O 8. Ne2 Re8 9. Qc2 h5 10. O-O h4 11. Be3 Nd7 12. h3 Nf8 13. Qd2 Bc7 14.
f4 f5 15. Bf2 Ng6 16. Rae1 Be6 17. b3 Qd6 18. Be3 Rad8 19. c4 Qe7 20. Kh1 Bxc4 21.
Bxc4 Qxe3 22. Qxe3 Rxe3 23. Ng1 Rxe1 24. Rxe1 Rxd4 25.
Re8+ Kh7 26. Bxf7 Nxf4 27. Re7 Bb6 28. Nf3 Rd1+ 29. Kh2 Bc5 30. Re8 Bd6 31. Ng5+ Kh6 32. Nf3 Ne6+ 33. g3 Bxg3+ 34. Kg2 Nf4# 0-1

[Event "Early-Titled-Tuesday-Blitz-January-16-2024"]
[Site "Chess.com"]
[Date "2024.01.16"]
[Round "8"]
[White "UnTucopalaTimba"]
[Black "Ezov"]
[Result "0-1"]
[WhiteElo "1999"]
[BlackElo "2225"]
[TimeControl "180+1"]
[EndTime "9:30:53 PST"]
[Termination "Ezov won by resignation"]

1. e4 e6 2. d4 d5 3. exd5 exd5 4.
Bd3 Bd6 5. Ne2 Ne7 6. c3 Nbc6 7. O-O f6 8. Nd2 Bf5 9. Qc2 Qd7 10.
Ng3 Bg6 11. Nf3 O-O-O 12. b4 Bxd3 13. Qxd3 h5 14. h4 g5 15. b5 Na5 16. a4 Bf4 17.
Ba3 Nc4 18. Bb4 Rdg8 19. Rfe1 Ng6 20. Nf5 g4 21. Ne7+ Nxe7 22. Rxe7 gxf3 23. g3 Qh3 24. Qxf3 Bxg3 0-1

[Event "Early-Titled-Tuesday-Blitz-January-16-2024"]
[Site "Chess.com"]
[Date "2024.01.16"]
[Round "8"]
[White "Smiechu"]
[Black "quvnoq_muxlis"]
[Result "0-1"]
[WhiteElo "2505"]
[BlackElo "2672"]
[TimeControl "180+1"]
[EndTime "9:30:55 PST"]
[Termination "quvnoq_muxlis won by resignation"]

1. e4 c5 2. Nf3 Nc6 3. d4 cxd4 4. Nxd4 d6 5. Nc3 g6 6. Be3 Bg7 7. f3 Bd7 8. Qd2 Rc8 9. O-O-O a6 10. h4 h5 11. Kb1 Nf6 12. Nd5 Nxd5 13. exd5 Ne5 14.
g4 hxg4 15. f4 Nf3 16. Nxf3 gxf3 17. Bd4 Bf6 18. Re1 Kf8 19. h5 Bf5 20. Bd3 Bxd4 21. Bxf5 Qb6 22. Qxd4 Qxd4 23. Bxc8 Rxh5 24. Rhf1 Qxf4 25.
Bxb7 a5 26. Ba6 Rxd5 27. Bd3 Re5 28. Rd1 g5 29. Rh1 e6 0-1

[Event "Early-Titled-Tuesday-Blitz-January-16-2024"]
[Site "Chess.com"]
[Date "2024.01.16"]
[Round "8"]
[White "Korchmar_Vasiliy"]
[Black "igorkovalenko"]
[Result "0-1"]
[WhiteElo "2750"]
[BlackElo "2988"]
[TimeControl "180+1"]
[EndTime "9:31:00 PST"]
[Termination "igorkovalenko won by resignation"]

1. e4 c5 2. d4 cxd4 3. Qxd4 Nc6 4. Qd3 Nf6 5. Nc3 d6 6. Nf3 a6 7. Be2 h6 8. O-O e6 9. Rd1 Be7 10. Bf4 e5 11. Be3 O-O 12. h3 b5 13. a4 b4 14. Nd5 Nxd5 15. exd5 Na5 16. c3 f5 17. Nxe5 f4 18. Bxf4 Rxf4 19. Ng6 Bf5 20. Qg3 Bxg6 21. Qxf4 bxc3 22. bxc3 Nb3 23. Ra2 Bf6 24. Qg3 Kh7 25. Bd3 Bxd3 26. Qxd3+ Kh8 27. Rb2 Nc5 28. Qg6 Nxa4 29.
Rb7 Qe8 30. Rf7 Nxc3 31. Rxf6 Qxg6 0-1

[Event "Early-Titled-Tuesday-Blitz-January-16-2024"]
[Site "Chess.com"]
[Date "2024.01.16"]
[Round "8"]
[White "Timerkhanov"]
[Black "Predator0608"]
[Result "1-0"]
[WhiteElo "2659"]
[BlackElo "2485"]
[TimeControl "180+1"]
[EndTime "9:31:00 PST"]
[Termination "Timerkhanov won by checkmate"]

1. d4 Nf6 2. Bg5 Ne4 3. h4 d5 4. Nd2 Nc6 5. Nxe4 dxe4 6. e3 Qd5 7. Ne2 Qa5+ 8. c3 e5 9. h5 exd4 10. Bf4 d3 11. Ng3 f5 12. f3 Bd6 13. fxe4 fxe4 14. Nxe4 Bxf4 15. exf4 Bf5 16. Qxd3 Rd8 17. Qe3 O-O 18.
Bc4+ Kh8 19. Ng5 Nd4 20. O-O Nc2 21. Qe7 Qb6+ 22. Kh1 Ra8 23. Nf7+ Rxf7 24. Qxf7 Nxa1 25. Qxf5 Qxb2 26. Bd3 g6 27. Qf6+ Kg8 28. Bc4# 1-0

[Event "Early-Titled-Tuesday-Blitz-January-16-2024"]
[Site "Chess.com"]
[Date "2024.01.16"]
[Round "8"]
[White "NewYearGirl"]
[Black "R2D2PTY"]
[Result "1-0"]
[WhiteElo "2389"]
[BlackElo "2224"]
[TimeControl "180+1"]
[EndTime "9:31:01 PST"]
[Termination "NewYearGirl won by resignation"]

1. e4 e5 2. Nf3 Nc6 3. Bc4 Bc5 4. b4 Bxb4 5. c3 Be7 6. d4 Na5 7. Nxe5 Nxc4 8. Nxc4 d5 9. exd5 Qxd5 10. Ne3 Qd7 11.
Nd2 Nf6 12. Nf3 O-O 13. Ne5 Qd8 14. O-O c6 15. h3 Nd7 16. f4 f6 17. Qb3+ Kh8 18. Nf7+ Rxf7 19. Qxf7 Nf8 20. f5 Bd7 21. Ng4 c5 22. Nh6 Ne6 23. fxe6 Bb5 24. Nf5 1-0